 Dungeon Crawl Stone Soup version 0.30-a0-12-gd8047c6341 (webtiles) character file.

Game seed: 20943822830786901

263 Zeldest the Chopper (level 6, -3/32 HPs)
             Began as a Vine Stalker Fighter on Aug 23, 2022.
             Slain by an orc wizard
             ... wielding a +0 great sword
              (6 damage)
             ... on level 4 of the Dungeon.
             The game lasted 00:01:35 (2678 turns).

Zeldest the Chopper (Vine Stalker Fighter)          Turns: 2678, Time: 00:01:36

Health: -3/32      AC:  6    Str: 21    XL:     6   Next: 19%
Magic:  0/7        EV:  9    Int:  8    God:
Gold:   94         SH:  5    Dex: 13    Spells: 5/5 levels left

rFire   . . .      SeeInvis .    a - +0 war axe
rCold   . . .      Faith    .    c - +0 buckler
rNeg    . . .      Spirit   +    b - +0 scale mail
rPois   .          Reflect  .    (no helmet)
rElec   .          Harm     .    (no cloak)
rCorr   .          Rampage  .    (no gloves)
Will    .....                    (no boots)
Stlth   ..........               (no amulet)
HPRegen 0.90/turn                (no ring)
MPRegen 0.10/turn                (no ring)

@: no status effects
A: fangs 2, regeneration 1, magic shield, antimagic bite, no potion heal 2
a: no special abilities


You were on level 4 of the Dungeon.
You visited 1 branch of the dungeon, and saw 4 of its levels.

You collected 94 gold pieces.

Inventory:

Hand Weapons
 a - a +0 war axe (weapon)
Armour
 b - a +0 scale mail (worn)
 c - a +0 buckler (worn)
Scrolls
 f - a scroll of enchant armour {unknown}
 h - a scroll of vulnerability {unknown}
 j - 2 scrolls of immolation {unknown}
 l - a scroll of fog {unknown}
 m - a scroll of acquirement {unknown}
 n - a scroll of blinking {unknown}
 o - a scroll of amnesia {unknown}
 p - a scroll of fear {unknown}
 r - 2 scrolls of enchant weapon {unknown}
 t - 2 scrolls of silence {unknown}
Potions
 d - 2 potions of might
 e - a potion of mutation {unknown}
 g - a potion of haste
 i - 2 potions of flight
 k - 2 potions of curing
 q - a potion of resistance {unknown}
 s - a potion of lignification {unknown}


   Skills:
 + Level 3.5 Fighting
 * Level 3.8 Axes
 + Level 3.3 Armour
 + Level 3.6 Shields


You had 5 spell levels left.
You didn't know any spells.
Your spell library contained the following spells:

 Spells                   Type           Power      Damage    Failure   Level
 Sandblast                Erth           0%         2d4       83%         1
 Passwall                 Tmut/Erth      0%         N/A       93%         2
 Conjure Flame            Conj/Fire      0%         6-21      99%         3
 Ignite Poison            Fire/Tmut/Pois 0%         N/A       99%         3
 Stone Arrow              Conj/Erth      0%         3d7       99%         3
 Sticky Flame             Conj/Fire      0%         2d3       100%        4


Dungeon Overview and Level Annotations

Branches:
Dungeon (4/15)
 Temple: D:4-7

Altars:


Innate Abilities, Weirdness & Mutations

You have extremely sharp teeth.
Your natural rate of healing is unusually fast.
When hurt, damage is shared between your health and your magic reserves.
Your bite disrupts and absorbs the magic of your enemies.
Potions cannot restore your health.


Message History

The orc wizard hits you with a +0 great sword.
You slash the orc wizard!
The orc wizard is heavily wounded.
You closely miss the orc wizard. You barely miss the orc.
The orc wizard points at you and mumbles some strange words.
The puff of flame hits you. The orc hits you with a +0 club.
The orc wizard points at you and mumbles some strange words.
The puff of flame hits you. The orc wizard misses you.
The orc hits you but does no damage.
You barely miss the orc wizard.
The orc wizard is heavily wounded.
You hit the orc wizard. You hit the orc.
The shadow imp picks up a beetle and eats it.
The orc hits you with a +0 club.
The orc wizard hits you with a +0 great sword.
* * * LOW HITPOINT WARNING * * *
The orc wizard gestures at you while chanting.
You easily resist.
You hit the orc wizard. Your bite misses the orc wizard.
The orc wizard is severely wounded.
You hit the orc.
You kill the orc!
You barely miss the orc wizard. You block the orc wizard's attack.
The orc wizard casts a spell at you.
You are confused.
Your system rejects the healing.
You feel better.
The orc wizard barely misses you. x2; The orc hits you with a +0 flail!
* * * LOW HITPOINT WARNING * * *
You closely miss the orc wizard.
The orc wizard is severely wounded.
You barely miss the orc.
You hit the shadow imp but do no damage.
You hit the orc wizard.
You kill the orc wizard!
The orc wizard hits you with a +0 great sword.
* * * LOW HITPOINT WARNING * * *
The shadow imp puffs mist at you. The shadow imp barely misses you.
The orc barely misses you.
The orc wizard hits you with a +0 great sword!
You die...

#.....##### #.
#.........# #.
#.........###.
##.........'.'.
###..........###.
##)..#........# ##
####).###........#
...#..5.## #........#
......g@# #........#
.#.##.oo# #........#
#>...... .............
.......#.##############
.#...#. .# #...#. .#
#...#. .. '.. .. .#


You could see an orc wizard, a shadow imp, an orc and a goblin.

Vanquished Creatures
  A necrophage (D:4)
  2 hounds
  Terence (D:2)
  An orc wizard (D:4)
  A gnoll (D:1)
  4 adders
  A white imp (D:3)
  2 worms (D:2)
  A dart slug (D:1)
  7 orcs
  3 endoplasms
  4 giant cockroaches
  6 goblins
  3 hobgoblins
  3 quokkas
  3 ball pythons
  3 bats
  4 frilled lizards
  3 kobolds
  2 rats (D:2)
55 creatures vanquished.

Notes
Turn   | Place    | Note
-------+----------+-------------------------------------------
     0 | D:1      | Zeldest the Vine Stalker Fighter began the quest for the
                  | Orb.
     0 | D:1      | Reached XP level 1. HP: 11/11 MP: 2/2
    22 | D:1      | Reached XP level 2. HP: 2/16 MP: 0/3
   304 | D:1      | Found a faded altar of an unknown god.
   951 | D:2      | Reached XP level 3. HP: 17/19 MP: 4/4
  1083 | D:2      | Gained mutation: Your natural rate of healing is unusually
                  | fast. [Vine Stalker growth]
  1083 | D:2      | Reached XP level 4. HP: 17/24 MP: 2/5
  1360 | D:2      | Noticed Terence
  1363 | D:2      | Killed Terence
  1999 | D:3      | Reached XP level 5. HP: 28/28 MP: 6/6
  2634 | D:4      | Reached XP level 6. HP: 31/32 MP: 5/7
  2678 | D:4      | Slain by an orc wizard

Illustrated notes

Levels and vault maps discovered:
D:1:      lemuel_arrival_rhombus, layout_loops_cross, basic_ecumenical_altar
D:2:      minmay_wonky_spiral, layout_basic, ebering_dispersal_statue_hall,
          uniq_terence
D:3:      layout_basic, kennysheep_cluttered_room
D:4:      layout_basic

Skill      XL: |  1  2  3  4 |
---------------+-------------+-----
Axes           | 2 3 |  3.8
Shields        | 3 |  3.6
Fighting       | 3 |  3.5
Armour         | 3 |  3.3

Action                   |  1- 3 |  4- 6 || total
-------------------------+-------+-------++-------
Melee: War axe           |    55 |   104 ||   159
       Bite              |     8 |    28 ||    36
  Use: Scroll            |       |     3 ||     3
       Potion            |       |     1 ||     1
Armor: Scale mail        |    22 |    51 ||    73
Dodge: Dodged            |    18 |    58 ||    76
Block: Buckler           |    19 |    25 ||    44

Table legend: (Time is in decaauts)
 A = Elapsed time spent in this place.
 B = Non-inter-level travel time spent in this place.
 C = Inter-level travel time spent in this place.
 D = Time resting spent in this place.
 E = Time spent auto-exploring this place.
 F = Levels seen in this place.
 G = Mean time per level.
                   A        B        C        D        E       F      G
               +--------+--------+--------+--------+--------+-----+--------+
         Total |   2739 |   2663 |     76 |    366 |   1899 |   4 |  684.8 |
       Dungeon |   2739 |   2663 |     76 |    366 |   1899 |   4 |  684.8 |
               +--------+--------+--------+--------+--------+-----+--------+

Top non-repeatable levels by time:
     D:1: 951 daAuts
     D:2: 893 daAuts
     D:3: 707 daAuts
     D:4: 187 daAuts
